 Dungeon Crawl Stone Soup version 0.27-a0-1105-g946c659c87 (webtiles) character file.

Game seed: 1879189079460320257

143 siradein the Slasher (level 5, -2/39 HPs)
             Began as a Vampire Fighter on Apr 30, 2021.
             Slain by a kobold brigand
             ... wielding a +2 dagger of speed
              (5 damage)
             ... on level 3 of the Dungeon.
             The game lasted 00:11:07 (2490 turns).

siradein the Slasher (Vampire Fighter)              Turns: 2490, Time: 00:11:08

Health: -2/39      AC:  8    Str: 16    XL:     5   Next: 4%
Magic:  5/5        EV:  7    Int: 11    God:
Gold:   142        SH:  8    Dex: 13    Spells: 4/4 levels left

rFire    . . .     SeeInvis +   a - +0 long sword
rCold    . . .     Faith    .   c - +0 kite shield
rNeg     . . .     Spirit   .   o - +3 ring mail
rPois    .         Reflect  .   (no helmet)
rElec    .         Harm     .   (no cloak)
rCorr    .         Rampage  .   (no gloves)
Will     .....                  (no boots)
Stlth    +.........             (no amulet)
HPRegen  0.33/turn              (no ring)
MPRegen  0.09/turn              (no ring)

@: healing quickly
A: alive, fangs 3, see invisible, unbreathing 1, vampiric 2
a: Exsanguinate


You were on level 3 of the Dungeon.
You visited 1 branch of the dungeon, and saw 3 of its levels.

You collected 142 gold pieces.

Inventory:

Hand Weapons
 a - a +0 long sword (weapon)
Missiles
 l - 5 curare-tipped darts (quivered)
Armour
 c - a +0 kite shield (worn)
 o - a +3 ring mail (worn)
Scrolls
 b - a scroll of teleportation {unknown}
 f - a scroll of fear {unknown}
 g - 2 scrolls of amnesia {unknown}
 k - a scroll of identify {unknown}
 m - a scroll of enchant armour {unknown}
 n - a scroll of torment {unknown}
Potions
 d - 2 potions of might
 h - a potion of ambrosia {unknown}
 i - a potion of magic {unknown}
 j - a potion of curing {unknown}


   Skills:
 - Level 2.6 Fighting
 + Level 5.3 Long Blades
 - Level 2.4 Armour
 - Level 2.6 Shields


You had 4 spell levels left.
You didn't know any spells.
Your spell library was empty.

Dungeon Overview and Level Annotations

Branches:
Dungeon (3/15)

Altars:


Innate Abilities, Weirdness & Mutations

Your natural rate of healing is accelerated.
You have razor-sharp teeth.
You have supernaturally acute eyesight. (SInv)
You can survive without breathing.
You are afflicted with vampirism and can become a bat while bloodless.


Message History

You feel sick. You block the kobold brigand's attack.
The kobold brigand hits you but does no damage.
It was a potion of heal wounds.
You feel much better.
You feel sick. The kobold brigand closely misses you.
You hit the kobold brigand but do no damage.
The kobold brigand is heavily wounded.
You feel sick.
The kobold brigand hits you with a +0 club!
* * * LOW HITPOINT WARNING * * *
You slash the kobold brigand!
The kobold brigand is almost dead.
You feel sick.
You are no longer poisoned.
The kobold brigand barely misses you.
You riposte.
You barely miss the kobold brigand. You bite the kobold brigand.
The kobold brigand is almost dead.
You block the kobold brigand's attack.
You hit the kobold brigand.
You kill the kobold brigand!
The kobold brigand hits you but does no damage.
Your Long Blades skill increases to level 5!
You have reached level 5!
You feel clever.
You hit the kobold brigand.
You bite the kobold brigand, but do no damage.
The kobold brigand is moderately wounded.
The kobold brigand barely misses you. You block the kobold brigand's attack.
You barely miss the kobold brigand. Your bite misses the kobold brigand.
The kobold brigand is moderately wounded.
The kobold brigand hits you with a +2 dagger of speed!
* * * LOW HITPOINT WARNING * * *
You block the kobold brigand's attack.
You hit the kobold brigand but do no damage.
The kobold brigand is moderately wounded.
The kobold brigand barely misses you. You block the kobold brigand's attack.
You closely miss the kobold brigand.
You bite the kobold brigand, but do no damage.
The kobold brigand is lightly wounded.
The kobold brigand hits you with a +2 dagger of speed.
You die...

#######.......######....#
......#..............≈≈≈#####
......#.<........##≈≈≈≈≈≈≈≈≈#
......##########.#≈≈≈≈≈≈≈≈######.
..............)).####≈≈≈###......
......##########....#####.......#
.####.# #...........######
.####.# #K###.....### .##...# #@#
####### '##...# ##.# ......#
##..## ......# #....# ......#####
#....# ..........# #....#
..........# #....# +####.....#
#....# ..........# #....#


You could see a kobold brigand.

Vanquished Creatures
  A kobold brigand (D:3)
  2 adders (D:2)
  A worm (D:3)
  A dart slug (D:2)
  2 orcs (D:3)
  5 ball pythons
  4 endoplasms
  2 giant cockroaches (D:3)
  5 hobgoblins
  2 jackals (D:3)
  8 kobolds
  2 quokkas
  3 bats
  2 frilled lizards
  4 goblins
  5 rats
49 creatures vanquished.

Notes
Turn   | Place    | Note
-------+----------+-------------------------------------------
     0 | D:1      | siradein the Vampire Fighter began the quest for the Orb.
     0 | D:1      | Reached XP level 1. HP: 17/17 MP: 1/1
   166 | D:1      | Reached XP level 2. HP: 23/23 MP: 2/2
   338 | D:1      | Reached skill level 3 in Long Blades
   968 | D:2      | Gained mutation: You are afflicted with vampirism and can
                  | become a bat while bloodless. [Vampire growth]
   968 | D:2      | Reached XP level 3. HP: 24/28 MP: 3/3
  1772 | D:3      | Reached skill level 4 in Long Blades
  2101 | D:3      | Reached XP level 4. HP: 34/34 MP: 4/4
  2441 | D:3      | Noticed a kobold brigand
  2473 | D:3      | Noticed a kobold brigand
  2482 | D:3      | HP: 1/34 [poisoned by a kobold brigand]
  2486 | D:3      | Killed a kobold brigand
  2487 | D:3      | Reached skill level 5 in Long Blades
  2487 | D:3      | Reached XP level 5. HP: 8/39 MP: 5/5
  2490 | D:3      | Slain by a kobold brigand

Illustrated notes

Levels and vault maps discovered:
D:1:      wander_arrival_peaceful_grave, layout_basic, grunt_decor_mini_mirrors,
          minmay_shallow_snake_nest
D:2:      minmay_general_purpose_star, layout_basic
D:3:      cheibrodos_thug_alley, layout_basic

Skill      XL: |  1  2  3  4 |
---------------+-------------+-----
Long Blades    | 3 4 5 |  5.3
Fighting       | |  2.6
Armour         | |  2.4
Shields        | |  2.6

Action                   |  1- 3 |  4- 6 || total
-------------------------+-------+-------++-------
Melee: Long sword        |   108 |    28 ||   136
       Bite              |    10 |     6 ||    16
  Use: Potion            |       |     1 ||     1
Armor: Scale mail        |    40 |       ||    40
       Ring mail         |     5 |     9 ||    14
Dodge: Dodged            |    24 |    11 ||    35
Block: Kite shield       |    60 |    12 ||    72
       Rpst.: Long sword |     7 |     5 ||    12

Table legend: (Time is in decaauts)
 A = Elapsed time spent in this place.
 B = Non-inter-level travel time spent in this place.
 C = Inter-level travel time spent in this place.
 D = Time resting spent in this place.
 E = Time spent auto-exploring this place.
 F = Levels seen in this place.
 G = Mean time per level.
                   A        B        C        D        E       F      G
               +--------+--------+--------+--------+--------+-----+--------+
         Total |   2555 |   2520 |     35 |      8 |   2095 |   3 |  851.7 |
       Dungeon |   2555 |   2520 |     35 |      8 |   2095 |   3 |  851.7 |
               +--------+--------+--------+--------+--------+-----+--------+

Top non-repeatable levels by time:
     D:2: 884 daAuts
     D:3: 840 daAuts
     D:1: 830 daAuts
